 Dungeon Crawl Stone Soup version 0.29-a0-1023-g6ae1a4a2c7 (webtiles) character file.

Game seed: 6581093893883202759

15582 27heaven the Fighter (level 12, -1/73 HPs)
             Began as a Vine Stalker Fighter on Aug 11, 2022.
             Was the Champion of Okawaru.
             Succumbed to a cane toad's poison
             ... on level 1 of the Lair of Beasts.
             The game lasted 00:34:11 (11764 turns).

27heaven the Fighter (Vine Stalker Fighter)        Turns: 11764, Time: 00:34:11

Health: -1/73      AC: 18    Str: 30    XL:     12   Next: 28%
Magic:  11/13      EV:  9    Int: 14    God:    Okawaru [******]
Gold:   628        SH: 10    Dex: 12    Spells: 11/11 levels left

rFire   . . .      SeeInvis .   A - +8 mace of Spores {holy, Str+2 Int+6 Dex-4}
rCold   . . .      Faith    .   t - +0 kite shield
rNeg    . . .      Spirit   +   J - +0 chain mail {Will+}
rPois   .          Reflect  .   (no helmet)
rElec   .          Harm     .   q - +2 cloak {rCorr}
rCorr   +          Rampage  .   U - +0 pair of gloves
Will    +++..                   B - +2 pair of boots
Stlth   ..........              (no amulet)
HPRegen 1.02/turn               f - +6 ring of strength
MPRegen 0.13/turn               c - ring of willpower

@: mighty, lethally poisoned (-1 -> -6), heroic, invisible
A: fangs 3, regeneration 1, magic shield, antimagic bite, no potion heal 2
a: Renounce Religion, Heroism, Finesse, Duel


You were on level 1 of the Lair of Beasts.
You worshipped Okawaru.
Okawaru was exalted by your worship.
You visited 3 branches of the dungeon, and saw 14 of its levels.
You also visited: Sewer.

You collected 652 gold pieces.
You spent 24 gold pieces at shops.

Inventory:

Hand Weapons
 n - a +2 hammer of holy wrath
 o - a +4 hammer
 A - the +8 mace of Spores (weapon) {holy, Str+2 Int+6 Dex-4}
   (You found it on level 5 of the Dungeon)

   It has been blessed by the Shining One to cause great damage to the undead
   and demons.
   Str:       It affects your strength (+2).
   Int:       It affects your intelligence (+6).
   Dex:       It affects your dexterity (-4).
 I - a +2 flail of pain
Missiles
 M - a curare-tipped dart (quivered)
Armour
 m - a scarf of shadows
 q - a +2 cloak of preservation (worn)
 t - a +0 kite shield (worn)
 B - a +2 pair of boots (worn)
 J - a +0 chain mail of willpower (worn)
 U - a +0 pair of gloves (worn)
 V - a +0 helmet of intelligence
Jewellery
 c - a ring of willpower (right hand)
 e - a ring of magical power
 f - a +6 ring of strength (left hand)
 v - a ring of protection from fire
Wands
 b - a wand of polymorph (16)
 s - a wand of paralysis (10)
 u - a wand of acid (3)
 C - a wand of digging (9)
 Q - a wand of mindburst (9)
 R - a wand of iceblast (6)
 T - a wand of flame (16)
Scrolls
 h - a scroll of blinking
 j - 4 scrolls of butterflies
 k - 5 scrolls of teleportation
 w - 2 scrolls of fear
 x - a scroll of immolation {unknown}
 y - 2 scrolls of enchant armour
 E - a scroll of summoning {unknown}
 H - 3 scrolls of magic mapping
 L - 2 scrolls of vulnerability {unknown}
 N - a scroll of amnesia
 O - a scroll of silence {unknown}
Potions
 a - 4 potions of heal wounds
 d - 2 potions of might
 g - 3 potions of attraction
 i - a potion of resistance
 l - 3 potions of brilliance
 p - a potion of berserk rage {unknown}
 r - 5 potions of ambrosia
 z - 5 potions of curing {unknown}
 D - 2 potions of mutation {unknown}
 F - a potion of haste {unknown}
 G - 2 potions of flight {unknown}
 P - 2 potions of lignification {unknown}
 S - a potion of experience {unknown}


   Skills:
 + Level 13.0(18.0) Fighting
 + Level 12.9(17.9) Maces & Flails
 - Level 2.4(7.4) Armour
 - Level 2.6(7.6) Shields


You had 11 spell levels left.
You didn't know any spells.
Your spell library contained the following spells:

 Spells                   Type           Power      Damage    Failure   Level
 Sandblast                Erth           0%         2d4       97%         1
 Passwall                 Tmut/Erth      0%         N/A       99%         2
 Gell's Gravitas          Tloc           0%         N/A       100%        3
 Lesser Beckoning         Tloc           0%         N/A       100%        3
 Stone Arrow              Conj/Erth      0%         3d7       100%        3
 Teleport Other           Tloc           0%         N/A       100%        3
 Dispersal                Tloc           0%         N/A       100%        6
 Disjunction              Tloc           0%         N/A       100%        8
 Lehudib's Crystal Spear  Conj/Erth      0%         10d2      100%        8
 Animate Armour           Summ/Erth      Unusable   N/A       N/A         4

Dungeon Overview and Level Annotations

Branches:
Dungeon (12/15)            Temple (1/1) D:6            Lair (1/5) D:10
    Orc (0/2) D:10          Sewer (visited)

Altars:
Ashenzari
Cheibriados
Dithmenos
Elyvilon
Fedhas
Gozag
Hepliaklqana
Kikubaaqudgha
Makhleb
Nemelex Xobeh
Okawaru
Qazlal
Ru
Sif Muna
Trog
Uskayaw
Vehumet
Wu Jian
Xom
Yredelemnul
Zin
The Shining One

Shops:
D:2 [***   D:10 [

Annotations:
D:8 2 transporters, paps's ghost, novice OpGl
Lair:1 exclusion: ice statue


Innate Abilities, Weirdness & Mutations

You have razor-sharp teeth.
Your natural rate of healing is unusually fast.
When hurt, damage is shared between your health and your magic reserves.
Your bite disrupts and absorbs the magic of your enemies.
Potions cannot restore your health.


Message History

The cane toad is heavily wounded.
You block the wolf's attack. The wolf bites you but does no damage.
The cane toad closely misses you.
You closely miss the cane toad. Your bite misses the cane toad.
The cane toad is heavily wounded.
The wolf bites you but does no damage. The cane toad stings you!
You block the wolf's attack.
You hit the cane toad.
The cane toad is severely wounded.
The cane toad barely misses you. The wolf bites you but does no damage.
You thump the cane toad!
The cane toad is almost dead.
The wolf bites you but does no damage. The cane toad stings you!!
* * * LOW HITPOINT WARNING * * *
The wolf barely misses you.
Okay, then.
You gain the combat prowess of a mighty hero.
The cane toad closely misses you. The wolf bites you.
* * * LOW HITPOINT WARNING * * *
The cane toad stings you.
* * * LOW HITPOINT WARNING * * *
You are lethally poisoned!
The cane toad poisons you!
You are confused.
Your system rejects the healing.
You feel invigorated.
* * * LOW HITPOINT WARNING * * *
You feel very sick. The wolf barely misses you.
The wolf bites you but does no damage. The cane toad completely misses you.
You feel very mighty all of a sudden.
* * * LOW HITPOINT WARNING * * *
You feel very sick. The wolf bites you.
* * * LOW HITPOINT WARNING * * *
The cane toad stings you but does no damage.
The wolf bites you but does no damage.
You fade into invisibility!
You feel less invigorated.
You feel less confused.
You die...

#....# #.#.........# #...#
#............
#..###............
#..##.............
#..P##............ #######
#.......h.........
..#.....####†hl..............
.........#.h#F###............
...........#@## ##...........
..........#### #.........!.
.........## ##..........
.........# #(.........
.........# ##.........
.........# ##.......#
.........# ### ###....##
........#######.###
...........#......##


You could see a komodo dragon (unable to see you), a cane toad (unable to see
you) and 2 wolves.

Vanquished Creatures
  Josephine (D:11)
  A hydra (D:11)
  2 two-headed ogres
  Urug (D:10)
  A deep elf pyromancer (D:11)
  A black mamba (Lair:1)
  A kobold demonologist (D:11)
  3 cane toads (Lair:1)
  2 ice devils (Lair:1)
  A queen bee (Lair:1)
  4 trolls
  3 blink frogs (Lair:1)
  Grinder (D:4)
  6 shadows
  3 wraiths (D:11)
  5 yaks (D:9)
  A steam dragon (D:7)
  Menkaure (D:7)
  2 wargs (D:10)
  2 water moccasins (Lair:1)
  2 black bears
  2 sky beasts
  5 orc warriors
  2 ice beasts
  An ogre (D:3)
  A centaur (D:9)
  2 wolves (Lair:1)
  6 phantoms
  4 kobold brigands
  4 bullfrogs
  3 necrophages
  A two-headed ogre simulacrum (Lair:1)
  4 gnoll sergeants
  4 scorpions
  4 wights (D:7)
  2 elephant simulacra (Lair:1)
  24 killer bees
  3 howler monkeys
  A hound (D:5)
  3 jellies
  A gnoll bouda (D:9)
  3 orc priests
  Crazy Yiuf (D:3)
  3 iron imps (D:8)
  3 iguanas
  12 orc wizards
  A polar bear simulacrum (Lair:1)
  16 gnolls
  3 river rats (Sewer)
  14 adders
  A naga simulacrum (Lair:1)
  2 shadow imps
  3 white imps
  2 ufetubi
  4 dart slugs
  36 orcs
  4 endoplasms
  4 giant cockroaches
  6 goblins
  7 hobgoblins
  13 jackals
  23 kobolds
  5 quokkas
  9 ball pythons
  5 bats
  6 frilled lizards
  7 rats
314 creatures vanquished.

Vanquished Creatures (others)
  2 fungi (Lair:1)
  29 plants
31 creatures vanquished.

Grand Total: 345 creatures vanquished

Notes
Turn   | Place    | Note
-------+----------+-------------------------------------------
     0 | D:1      | 27heaven the Vine Stalker Fighter began the quest for the
                  | Orb.
     0 | D:1      | Reached XP level 1. HP: 11/11 MP: 2/2
    99 | D:1      | Found a faded altar of an unknown god.
   194 | D:1      | Reached XP level 2. HP: 16/16 MP: 3/3
   218 | D:1      | Reached skill level 3 in Fighting
   325 | D:1      | Reached XP level 3. HP: 15/20 MP: 2/4
   702 | D:2      | Gained mutation: Your natural rate of healing is unusually
                  | fast. [Vine Stalker growth]
   702 | D:2      | Reached XP level 4. HP: 20/24 MP: 3/5
   730 | D:2      | Found Hysyng's General Store.
   814 | D:2      | Found Seng's Antique Armour Boutique.
   838 | D:2      | Found Buberist's General Store.
   847 | D:2      | Bought a scroll of identify for 24 gold pieces
  1332 | D:2      | Found Otonioddu's General Store.
  1854 | D:3      | Found a hazy altar of Hepliaklqana.
  1952 | D:3      | Found a runed translucent door.
  1953 | D:3      | Noticed Crazy Yiuf
  2444 | D:3      | Killed Crazy Yiuf
  2445 | D:3      | Reached skill level 4 in Fighting
  2445 | D:3      | Reached XP level 5. HP: 27/29 MP: 4/6
  2591 | D:4      | Noticed an ogre
  2640 | D:3      | Killed an ogre
  2675 | D:4      | Reached XP level 6. HP: 31/34 MP: 5/7
  2691 | D:4      | Found a snail-covered altar of Cheibriados.
  2737 | D:4      | Noticed Grinder
  2781 | D:4      | Reached skill level 5 in Fighting
  2801 | D:4      | Reached XP level 7. HP: 39/39 MP: 8/8
  2884 | D:4      | Killed Grinder
  2885 | D:4      | Reached skill level 5 in Maces & Flails
  3184 | D:5      | Entered Level 5 of the Dungeon
  3277 | D:5      | Identified the +8 mace of Spores {holy, Str+2 Int+6 Dex-4}
  3353 | D:5      | Reached skill level 6 in Fighting
  3538 | D:5      | Gained mutation: You have razor-sharp teeth. [Vine Stalker
                  | growth]
  3538 | D:5      | Reached XP level 8. HP: 44/44 MP: 9/9
  3841 | D:6      | Found a glowing silver altar of Zin.
  3852 | D:6      | Found a staircase to the Ecumenical Temple.
  3860 | Temple   | Entered the Ecumenical Temple
  3938 | Temple   | Became a worshipper of Warmaster Okawaru
  4033 | D:6      | Found a glowing drain.
  4053 | Sewer    | Entered a sewer
  4683 | D:6      | Reached skill level 7 in Fighting
  4826 | D:6      | Reached * piety under Okawaru
  5084 | D:6      | Reached XP level 9. HP: 51/51 MP: 10/10
  5327 | D:6      | Reached skill level 8 in Fighting
  5507 | D:7      | Found a stormy altar of Qazlal.
  6075 | D:7      | Noticed Menkaure
  6079 | D:7      | Killed Menkaure
  6181 | D:7      | Reached ** piety under Okawaru
  6617 | D:7      | Reached skill level 9 in Fighting
  6959 | D:8      | Reached XP level 10. HP: 52/53 MP: 11/11
  6995 | D:8      | Found a transporter.
  7014 | D:8      | Noticed a seven-headed hydra
  7016 | D:8      | Noticed paps's ghost (novice OpGl)
  7058 | D:8      | Identified the +1 leather armour of the Tormentor {rElec
                  | Dex+5}
  7101 | D:8      | Found a burning altar of Makhleb.
  7251 | D:8      | Found a transporter.
  7485 | D:9      | Noticed a two-headed ogre
  7673 | D:9      | Killed a two-headed ogre
  7673 | D:9      | Reached *** piety under Okawaru
  7674 | D:9      | Reached skill level 10 in Fighting
  7692 | D:9      | Reached skill level 10 in Maces & Flails
  7703 | D:9      | Reached **** piety under Okawaru
  7892 | D:9      | Found a transporter.
  8334 | D:10     | Entered Level 10 of the Dungeon
  8545 | D:10     | Noticed Urug
  8562 | D:10     | Killed Urug
  8667 | D:10     | Found a staircase to the Orcish Mines.
  8724 | D:10     | Found a staircase to the Lair.
  8944 | D:10     | Reached skill level 11 in Fighting
  9013 | D:10     | Reached XP level 11. HP: 65/65 MP: 12/12
  9035 | D:10     | Reached ***** piety under Okawaru
  9229 | D:10     | Found Meekkoigy's Antique Armour Shop.
  9761 | D:11     | Noticed a deep elf pyromancer
  9767 | D:11     | Killed a deep elf pyromancer
  9876 | D:11     | Noticed a sixfirhy
  9878 | D:11     | Received a gift from Okawaru
 10164 | D:11     | Noticed Josephine
 10176 | D:11     | Killed Josephine
 10511 | D:12     | Received a gift from Okawaru
 10532 | D:12     | Reached skill level 12 in Fighting
 10604 | D:12     | Noticed a two-headed ogre
 10609 | D:12     | Noticed a five-headed hydra
 10611 | D:12     | Killed a two-headed ogre
 10611 | D:12     | Received a gift from Okawaru
 10615 | D:12     | Noticed a green ugly thing
 10733 | D:11     | Killed a five-headed hydra
 10813 | Lair:1   | Entered Level 1 of the Lair of Beasts
 11077 | Lair:1   | Noticed a bog body
 11110 | Lair:1   | HP: 3/67 [poisoned by a cane toad]
 11112 | Lair:1   | HP: 1/67 [poisoned by a cane toad]
 11117 | Lair:1   | HP: 1/67 [poisoned by a cane toad]
 11228 | Lair:1   | Reached XP level 12. HP: 17/72 MP: 10/13
 11233 | Lair:1   | HP: 3/72 [poisoned by a black mamba]
 11238 | Lair:1   | HP: 3/72 [poisoned by a black mamba]
 11251 | Lair:1   | HP: 3/72 [poisoned by a water moccasin]
 11256 | Lair:1   | HP: 2/72 [poisoned by a water moccasin]
 11390 | Lair:1   | Reached ****** piety under Okawaru
 11690 | Lair:1   | Reached skill level 13 in Fighting
 11763 | Lair:1   | HP: 2/73 [poisoned by a cane toad]
 11764 | Lair:1   | Succumbed to a cane toad's poison

Illustrated notes

Levels and vault maps discovered:
D:1:      mrwooster_arrival_statue_3, layout_rooms,
          hellmonk_ecumenical_altar_pennies_from_heaven
D:2:      layout_loops_corners, serial_bayou, serial_bayou_pond_b,
          serial_bayou_lagoon_a, serial_bayou_ford_a, serial_bayou_pond_b,
          serial_shops, shop, nicolae_shop_statue_plus,
          nicolae_shop_advertising_works [nicolae_subvault_shop_adworks],
          nicolae_shop_window_shopping
D:3:      layout_basic, mainiacjoe_overflow_brackets, minmay_misc_feat_plants,
          uniq_crazy_yiuf_cottage
D:4:      layout_rooms, overflow_temple_1_default, st_stairs_3, uniq_grinder
D:5:      layout_loops_ring
D:6:      layout_cave_pods, old_standard_altar, minmay_temple_entry_butterflies,
          portal_sewer_entry_f
D:7:      layout_cave_pods, mainiacjoe_overflow_boulevard,
          nicolae_elevator_lobby_plus, uniq_menkaure
D:8:      layout_rooms, demons_altar, gammafunk_ghost_arena
D:9:      layout_basic, st_stairs_11, nicolae_diode_basic
D:10:     layout_layer_cave, erik_lair_orcish_takeover, orc_0_dummy,
          serial_shops, nicolae_inconvenience_store, uniq_urug
D:11:     layout_small_grid, uniq_josephine
D:12:     layout_cave_pools, kennysheep_generic_room_7
Temple:   minmay_temple_bridge_d
Lair:1:   dreamdust_isle_of_ice, layout_cave_pods, special_room
          [special_room_bee], st_stairs_13

Skill      XL: |  1  2  3  4  5  6  7  8  9 10 11 12 |
---------------+-------------------------------------+-----
Maces & Flails | 2 3 4 5 7 9 10 12 | 12.9
Fighting       | 3 4 5 6 7 9 11 12 13 | 13.0
Armour         | |  2.4
Shields        | |  2.6

Action                   |  1- 3 |  4- 6 |  7- 9 | 10-12 || total
-------------------------+-------+-------+-------+-------++-------
Melee: Flail             |    92 |    28 |       |       ||   120
       Bite              |    15 |    21 |    74 |   115 ||   225
       Mace              |       |    61 |   312 |   392 ||   765
Invok: Heroism           |       |       |       |     1 ||     1
Evoke: Wand              |       |       |       |    13 ||    13
  Use: Scroll            |       |     8 |     5 |     7 ||    20
       Potion            |       |       |       |     4 ||     4
 Stab: Paralysed         |       |       |       |     5 ||     5
Armor: Chain mail        |    49 |    37 |   171 |   245 ||   502
       Scale mail        |     3 |       |       |       ||     3
Dodge: Dodged            |    47 |    27 |    82 |    99 ||   255
Block: Buckler           |    22 |    22 |    32 |       ||    76
       Kite shield       |       |       |    44 |   148 ||   192

Table legend: (Time is in decaauts)
 A = Elapsed time spent in this place.
 B = Non-inter-level travel time spent in this place.
 C = Inter-level travel time spent in this place.
 D = Time resting spent in this place.
 E = Time spent auto-exploring this place.
 F = Levels seen in this place.
 G = Mean time per level.
                   A        B        C        D        E       F      G
               +--------+--------+--------+--------+--------+-----+--------+
         Total |  12075 |  11503 |    572 |    380 |   6454 |  15 |  805.0 |
       Dungeon |  10255 |   9803 |    452 |    249 |   5709 |  12 |  854.6 |
        Temple |    146 |     27 |    119 |      0 |      0 |   1 |  146.0 |
          Lair |    948 |    948 |      0 |    131 |    261 |   1 |  948.0 |
         Sewer |    724 |    724 |      0 |      0 |    483 |   1 |  724.0 |
               +--------+--------+--------+--------+--------+-----+--------+

Top non-repeatable levels by time:
     D:7: 1323 daAuts
    D:10: 1289 daAuts
     D:9: 1116 daAuts
     D:2: 1095 daAuts
     D:6: 1058 daAuts
     D:3: 974 daAuts
  Lair:1: 948 daAuts
    D:11: 925 daAuts
   Sewer: 724 daAuts
     D:1: 643 daAuts
     D:5: 620 daAuts
     D:4: 587 daAuts
     D:8: 562 daAuts
  Temple: 146 daAuts
    D:12: 59 daAuts
